 Dungeon Crawl Stone Soup version 0.28.0-43-g3370ac3207 (webtiles) character file.

Game seed: 10529676354694813961

90 jimonade the Cruncher (level 4, -2/34 HPs)
             Began as a Gnoll Wanderer on Mar 16, 2022.
             Killed from afar by Ijyb (24 damage)
             ... with a bolt of acid
             ... on level 3 of the Dungeon.
             The game lasted 00:05:40 (2362 turns).

jimonade the Cruncher (Gnoll Wanderer)              Turns: 2362, Time: 00:05:41

Health: -2/34      AC: 12    Str: 16    XL:     4   Next: 56%
Magic:  5/5        EV:  1    Int:  9    God:
Gold:   77         SH:  0    Dex: 11    Spells: 5/5 levels left

rFire   . . .      SeeInvis .   n - +5 dagger
rCold   . . .      Faith    .   (no shield)
rNeg    . . .      Spirit   .   g - +0 crystal plate armour
rPois   .          Reflect  .   (no helmet)
rElec   .          Harm     .   (no cloak)
rCorr   .          Rampage  .   (no gloves)
Will    +....                   (no boots)
Stlth   ..........              (no amulet)
HPRegen 0.11/turn               w - ring of willpower
MPRegen 0.09/turn               (no ring)

@: corroded
A: fangs 1, strong nose, distributed training
a: no special abilities


You were on level 3 of the Dungeon.
You visited 1 branch of the dungeon, and saw 3 of its levels.

You collected 77 gold pieces.

Inventory:

Hand Weapons
 a - a +3 quarterstaff
 b - a +0 falchion
 n - a +5 dagger (weapon)
Missiles
 e - 44 stones (quivered)
 h - 45 arrows
 p - 5 boomerangs
 q - 12 bolts
 s - 13 sling bullets
Armour
 c - a +0 leather armour
 g - a +0 crystal plate armour (worn)
 t - a +0 ring mail
 u - a +0 leather armour
 v - a +0 plate armour
Jewellery
 w - a ring of willpower (left hand)
Scrolls
 d - a scroll of torment {unknown}
 f - 3 scrolls of teleportation {unknown}
 i - a scroll of identify {unknown}
 j - 2 scrolls of fog {unknown}
 k - a scroll of silence {unknown}
 l - 2 scrolls of amnesia {unknown}
 m - a scroll of magic mapping {unknown}
 r - a scroll of enchant armour {unknown}
Potions
 o - a potion of berserk rage {unknown}


   Skills:
 + Level 2.8 Fighting
 + Level 1.2 Short Blades
 + Level 6.6 Long Blades
 + Level 1.2 Axes
 + Level 1.2 Maces & Flails
 + Level 1.2 Polearms
 + Level 8.6 Staves
 + Level 1.2 Slings
 + Level 1.2 Bows
 + Level 1.2 Crossbows
 + Level 1.2 Throwing
 + Level 4.6 Armour
 + Level 1.2 Dodging
 + Level 1.2 Stealth
 + Level 1.2 Shields
 + Level 1.2 Unarmed Combat
 + Level 1.2 Spellcasting
 + Level 1.0 Conjurations
 + Level 1.0 Hexes
 + Level 1.0 Summonings
 + Level 1.0 Necromancy
 + Level 1.0 Translocations
 + Level 1.0 Transmutations
 + Level 1.0 Fire Magic
 + Level 1.0 Ice Magic
 + Level 1.0 Air Magic
 + Level 1.0 Earth Magic
 + Level 1.0 Poison Magic
 + Level 1.3 Invocations
 + Level 1.2 Evocations


You had 5 spell levels left.
You didn't know any spells.
Your spell library was empty.

Dungeon Overview and Level Annotations

Branches:
Dungeon (3/15)

Altars:

Annotations:
D:3 Ijyb


Innate Abilities, Weirdness & Mutations

You have very sharp teeth.
Your uncanny sense of smell can sniff out nearby items.
Your experience applies equally to all skills.


Message History

The quokka bites you but does no damage.
You hit the quokka.
You kill the quokka!
You see here a +0 club.
An orc comes into view. It is wielding a +0 short sword.
A frilled lizard comes into view.
Found an opal ring.
The frilled lizard hisses.
You hit the orc.
The orc is heavily wounded.
The orc hits you but does no damage.
You hit the orc.
You kill the orc!
Your Conjurations skill increases to level 1!
Your Hexes skill increases to level 1!
Your Summonings skill increases to level 1!
Your Necromancy skill increases to level 1!
Your Translocations skill increases to level 1!
Your Transmutations skill increases to level 1!
Your Fire Magic skill increases to level 1!
Your Ice Magic skill increases to level 1!
Your Air Magic skill increases to level 1!
Your Earth Magic skill increases to level 1!
Your Poison Magic skill increases to level 1!
You completely miss the frilled lizard. You bite the frilled lizard.
The frilled lizard is heavily wounded.
The frilled lizard bites you but does no damage.
You hit the frilled lizard.
You kill the frilled lizard!
Things that are here:
a +0 short sword; an orc corpse
w - a ring of willpower You now have 77 gold pieces (gained 14).
Ijyb the Twisted Goblin comes into view.
She is wielding a +4 dagger of distortion and carrying a wand of acid (7).
Ijyb shouts!
Ijyb zaps a wand.
The bolt of acid hits you! The acid corrodes you!
w - a ring of willpower (left hand) Ijyb zaps a wand.
The bolt of acid hits you!!
Ouch! That really hurt!
You die...

#..#.# #######..#. ##...#
#..#.
#######...############
#..#.
+.........g..........#
#..#.
########..#.#.######.#
#..#. .......>#.#.##...#.#
####. ........#.#........#
## ##........#.##...###
####.##)#@#.##.###
............##.#
#######........#
........#.###..#
........#...#..#
........'......###########
........###.#.............
........# #)#########.....
........# #........##..#..


You could see Ijyb.

Vanquished Creatures
  2 adders (D:2)
  3 worms
  2 orcs (D:3)
  11 bats
  3 endoplasms
  7 goblins
  4 hobgoblins
  7 jackals (D:1)
  6 quokkas
  4 ball pythons
  3 frilled lizards
  2 kobolds
  A rat (D:2)
55 creatures vanquished.

Notes
Turn   | Place    | Note
-------+----------+-------------------------------------------
     0 | D:1      | jimonade the Gnoll Wanderer began the quest for the Orb.
     0 | D:1      | jimonade set off with the following items: a +3
                  | quarterstaff, a +0 falchion, a +0 leather armour
     0 | D:1      | Reached XP level 1. HP: 17/17 MP: 1/1
   155 | D:1      | Reached XP level 2. HP: 23/23 MP: 2/2
   551 | D:1      | Reached XP level 3. HP: 28/28 MP: 3/3
   827 | D:2      | Reached skill level 1 in Invocations
  1013 | D:2      | Reached skill level 1 in Short Blades
  1013 | D:2      | Reached skill level 1 in Axes
  1013 | D:2      | Reached skill level 1 in Maces & Flails
  1013 | D:2      | Reached skill level 1 in Polearms
  1013 | D:2      | Reached skill level 1 in Slings
  1013 | D:2      | Reached skill level 1 in Bows
  1013 | D:2      | Reached skill level 1 in Crossbows
  1013 | D:2      | Reached skill level 1 in Throwing
  1013 | D:2      | Reached skill level 1 in Dodging
  1013 | D:2      | Reached skill level 1 in Stealth
  1013 | D:2      | Reached skill level 1 in Shields
  1013 | D:2      | Reached skill level 1 in Unarmed Combat
  1013 | D:2      | Reached skill level 1 in Spellcasting
  1013 | D:2      | Reached skill level 1 in Evocations
  1184 | D:2      | Reached XP level 4. HP: 32/34 MP: 5/5
  1613 | D:2      | Found a faded altar of an unknown god.
  2265 | D:3      | Reached skill level 1 in Conjurations
  2265 | D:3      | Reached skill level 1 in Hexes
  2265 | D:3      | Reached skill level 1 in Summonings
  2265 | D:3      | Reached skill level 1 in Necromancy
  2265 | D:3      | Reached skill level 1 in Translocations
  2265 | D:3      | Reached skill level 1 in Transmutations
  2265 | D:3      | Reached skill level 1 in Fire Magic
  2265 | D:3      | Reached skill level 1 in Ice Magic
  2265 | D:3      | Reached skill level 1 in Air Magic
  2265 | D:3      | Reached skill level 1 in Earth Magic
  2265 | D:3      | Reached skill level 1 in Poison Magic
  2355 | D:3      | Noticed Ijyb
  2362 | D:3      | Killed from afar by Ijyb

Illustrated notes

Levels and vault maps discovered:
D:1:      psy_arrival_whirlpool, layout_rooms, hangedman_glass_teeth
D:2:      layout_loops_ring, hellmonk_ecumenical_altar_zigzags,
          grunt_ministairs_13
D:3:      layout_basic, roderic_roman_lattice, grunt_ministairs_1,
          hangedman_decor_lopped, minmay_crystal_water, uniq_ijyb

Skill      XL: |  1  2  3  4 |
---------------+-------------+-----
Invocations    | 1 |  1.3
Short Blades   | 1 |  1.2
Axes           | 1 |  1.2
Maces & Flails | 1 |  1.2
Polearms       | 1 |  1.2
Slings         | 1 |  1.2
Bows           | 1 |  1.2
Crossbows      | 1 |  1.2
Throwing       | 1 |  1.2
Dodging        | 1 |  1.2
Stealth        | 1 |  1.2
Shields        | 1 |  1.2
Unarmed Combat | 1 |  1.2
Spellcasting   | 1 |  1.2
Evocations     | 1 |  1.2
Conjurations   | 1 |  1.0
Hexes          | 1 |  1.0
Summonings     | 1 |  1.0
Necromancy     | 1 |  1.0
Translocations | 1 |  1.0
Transmutations | 1 |  1.0
Fire Magic     | 1 |  1.0
Ice Magic      | 1 |  1.0
Air Magic      | 1 |  1.0
Earth Magic    | 1 |  1.0
Poison Magic   | 1 |  1.0
Fighting       | |  2.8
Long Blades    | |  6.6
Staves         | |  8.6
Armour         | |  4.6

Action                   |  1- 3 |  4- 6 || total
-------------------------+-------+-------++-------
Melee: Quarterstaff      |    60 |       ||    60
       Dagger            |    14 |    64 ||    78
       Bite              |     5 |     5 ||    10
Armor: Leather armour    |    13 |       ||    13
       Crystal plate arm |    42 |    44 ||    86
Dodge: Dodged            |    19 |     4 ||    23
